Cogmind - Beta 15 @@@ ROGUE MODE // 2025.06.23 @ 20:07:51 Player: LightKnight Result: Destroyed by G-67 Veteran with Field Laser Performance ------------- Evolutions (6) 3000 Regions Visited (19) 3800 Robots Destroyed (201) 1005 Value Destroyed (7740) 7740 Prototype IDs (46) 920 Alien Tech Used (1) 200 Bonus (4636) 4636 TOTAL SCORE: 21301 Bonus ------- High Alert Combat Kills 721 Follower Combat Kills 1913 Network Hubs Disabled 200 Registered with UFD 300 Met Optimus in HQ 500 Met Zhirov 300 Built Enhanced Grunts 300 Met R17 at Cetus 500 Friendly Fire -98 Cogmind --------- Core Integrity 0/1150 Matter 143/300 Energy 100/100 System Corruption 22% Temperature Cool (46) Movement Core (50) Location -4/Factory Parts ------- > --- POWER (1) -------- (None) > --- PROPULSION (4) --- (None) > --- UTILITY (8) ------ (None) > --- WEAPON (6) ------- (None) > --- INVENTORY (5) ---- Light Antimatter Reactor Mapping Drone Bay (2/3) Transdimensional Reconstructor Improved Grenade Launcher Peak State ------------ > --- POWER ------------ Light Antimatter Reactor > --- PROPULSION ------- Centrium Heavy Treads Centrium Heavy Treads > --- UTILITY ---------- Advanced Cryofiber Web High-capacity Storage Unit Enhanced Optical Array Advanced Sensor Array Makeshift Sensor Array Advanced Signal Interpreter Improved Target Analyzer Mapping Drone Bay > --- WEAPON ----------- Advanced Variable Charge Gun Advanced KE Penetrator Light Antimatter Cannon Light Antimatter Cannon Light Antimatter Cannon Light Antimatter Cannon > --- INVENTORY -------- Fusion Reactor Centrium Heavy Treads Impulse Thruster Improved Matter Compressor Thermal Shield Advanced System Shield Long-range Tractor Beam Transdimensional Reconstructor Advanced Variable Charge Gun Advanced Plasma Cannon Advanced Plasma Cannon Advanced KE Penetrator Improved Proton Missile Launcher Improved Grenade Launcher CPS Tube Dirty Bomb Trap Dirty Bomb Trap [Rating: 143] Favorites ----------- Power F-cell Engine Engine F-cell Engine Reactor Quantum Reactor Propulsion Light Treads Treads Light Treads Leg Aluminum Leg Wheel Wheel Flight Unit Impulse Thruster Utility High-capacity Storage Unit Device Advanced Heat Sink Storage High-capacity Storage Unit Processor Advanced Targeting Computer Hackware Advanced System Shield Protection Centrium Medium Armor Plating Weapon Advanced KE Penetrator Energy Gun Advanced Variable Charge Gun Energy Cannon Compact Ion Cannon Ballistic Gun Advanced KE Penetrator Ballistic Cannon Light Antimatter Cannon Launcher Improved Proton Missile Launcher Special Weapon CPS Tube Special Melee Weapon Datajack Build | -11 -10 -10 -9 -9 -9 -9 -6 -6 -6 -6 -6 -5 -5 -5 -5 -4 -4 -4 -4 ------- Run | Yrd Mat Min Mat Sto Rec Scr Fac Ext Cet Arc Hub Fac Upp Upp Zhi Pro Fac Was Fac Slots Evolved 12 | . . . 2 . . . 6 . . . . 2 . . . . 2 . . Power . | . . . . . . . . . . . . . . . . . . . . Propulsion 2 | . . . 1 . . . 1 . . . . . . . . . . . . Utility 6 | . . . . . . . 4 . . . . 2 . . . . . . . Weapon 4 | . . . 1 . . . 1 . . . . . . . . . 2 . . Parts Attached 131 | . 17 1 20 14 1 9 8 2 14 1 2 5 3 3 5 2 2 . 22 Power 10 | . 1 . 4 1 . . . . 1 . . . . 1 . . 1 . 1 Engine 6 | . 1 . 4 1 . . . . . . . . . . . . . . . Core . | . . . . . . . . . . . . . . . . . . . . Reactor 4 | . . . . . . . . . 1 . . . . 1 . . 1 . 1 Propulsion 36 | . 6 1 6 10 1 3 2 1 2 . . . . . . . . . 4 Treads 31 | . 4 1 5 10 1 3 2 1 2 . . . . . . . . . 2 Leg 2 | . 1 . 1 . . . . . . . . . . . . . . . . Wheel 1 | . 1 . . . . . . . . . . . . . . . . . . Hover . | . . . . . . . . . . . . . . . . . . . . Flight 2 | . . . . . . . . . . . . . . . . . . . 2 Utility 38 | . 4 . 2 . . 2 5 1 5 . 1 4 1 2 4 2 . . 5 Device 19 | . 3 . . . . . 4 . 2 . . 3 1 1 1 1 . . 3 Storage 4 | . 1 . . . . 1 . . . . . . . . 2 . . . . Processor 5 | . . . . . . . 1 . . . . 1 . 1 . 1 . . 1 Hackware 1 | . . . . . . . . . . . . . . . . . . . 1 Protection 9 | . . . 2 . . 1 . 1 3 . 1 . . . 1 . . . . Artifact . | . . . . . . . . . . . . . . . . . . . . Weapon 47 | . 6 . 8 3 . 4 1 . 6 1 1 1 2 . 1 . 1 . 12 Energy Gun 6 | . . . 2 . . 1 . . . . . 1 . . 1 . . . 1 Energy Cannon 4 | . . . . 1 . . . . . . . . . . . . . . 3 Ballistic Gun 24 | . 3 . 6 2 . 2 1 . 4 1 1 . 1 . . . 1 . 2 Ballistic Cannon 8 | . 3 . . . . . . . . . . . . . . . . . 5 Launcher 2 | . . . . . . . . . . . . . 1 . . . . . 1 Special Weapon 2 | . . . . . . . . . 2 . . . . . . . . . . Impact Weapon . | . . . . . . . . . . . . . . . . . . . . Slashing Weapon . | . . . . . . . . . . . . . . . . . . . . Piercing Weapon . | . . . . . . . . . . . . . . . . . . . . Special Melee Weapon 1 | . . . . . . 1 . . . . . . . . . . . . . Unidentified Prototypes 16 | . . . 1 2 . . . . 3 . . 1 . . 4 . . . 5 Corrupted Parts 1 | . . . . . . . . . . . 1 . . . . . . . . System Corruption 7 | . . . . . . . . . . . 7 . . . . . . . . Parts Lost 40 | . 4 3 7 . . . . . 2 . 1 . 1 1 . 1 . 4 16 Power 3 | . 1 . 1 . . . . . . . . . . 1 . . . . . Propulsion 12 | . 2 1 4 . . . . . . . . . . . . . . 1 4 Utility 8 | . 1 . . . . . . . . . 1 . . . . . . 2 4 Weapon 17 | . . 2 2 . . . . . 2 . . . 1 . . 1 . 1 8 Highest Loss Streak 9 | . 3 3 5 . . . . . 2 . 1 . 1 1 . 1 . 4 9 To Critical Strikes 4 | . . . . . . . . . . . . . 1 . . . . 1 2 Average Backups 13 | . 12 14 11 14 15 10 16 18 18 18 17 14 14 15 15 15 14 15 10 Power 1 | . 1 1 1 2 2 . 1 1 1 1 1 1 1 . . 1 1 2 1 Propulsion 2 | . 3 3 2 3 4 2 3 4 3 2 2 2 2 2 2 2 2 2 1 Utility 3 | . 3 3 3 2 2 2 5 7 7 7 6 3 4 4 4 5 6 6 3 Weapon 5 | . 4 6 3 6 6 3 3 3 4 7 7 7 6 6 7 5 3 3 2 Tool/Special . | . . . . . . . . . . . . . . . . . . . . Unused Backups 30 | . 8 . 1 2 . 9 . . 7 . 1 . . . 1 . . . 1 Power 4 | . 1 . . . . 2 . . 1 . . . . . . . . . . Propulsion 11 | . 4 . 1 1 . 2 . . 3 . . . . . . . . . . Utility 6 | . 2 . . . . 1 . . 1 . 1 . . . 1 . . . . Weapon 7 | . 1 . . 1 . 4 . . 1 . . . . . . . . . . Tool/Special 2 | . . . . . . . . . 1 . . . . . . . . . 1 Average Slot Usage (%) 87 | . 95 96 95 98 88 84 91 93 80 78 78 85 87 87 70 88 88 73 73 Engine 6 | . 14 14 11 11 11 9 5 6 2 . . . . . . . . . . Reactor 1 | . . . . . . . . . 3 6 6 5 5 5 5 5 5 3 4 Treads 22 | . 25 28 28 33 33 30 25 26 15 13 13 11 11 11 11 11 10 8 6 Device 9 | . 11 11 6 . . . 19 13 13 13 11 15 17 20 25 23 21 14 15 Storage 8 | . 14 14 11 11 11 10 6 6 6 6 6 5 5 5 5 5 5 5 4 Processor 4 | . . . . . . . 5 6 6 6 6 10 11 11 11 16 15 15 14 Protection 4 | . . . 4 10 . 3 . 5 5 6 6 11 11 7 2 . . . . Energy Gun 3 | . . . 6 . . 5 6 6 . . . 3 3 5 . 5 5 5 5 Energy Cannon 1 | . . . . . 11 . . . . . . . . . . . . . 5 Ballistic Gun 19 | . 15 27 19 32 22 20 19 20 23 24 26 18 17 17 5 16 25 19 3 Ballistic Cannon 1 | . 11 . 4 . . . . . . . . . . . . . . . 8 Peak Build Rating 143 | . 10 9 19 26 24 39 64 64 114 114 116 131 130 131 130 127 141 141 143 Average Rating 61 | . 8 8 12 21 24 26 60 62 97 113 112 127 128 130 105 125 140 117 108 On Entrance 72 | 6 6 9 6 19 24 24 32 64 63 114 114 116 130 129 130 127 127 141 77 Naked Turns 242 | . . . . . . 208 . . . . . . . . . . . . 34 Heaviest Build 104 | 11 30 30 44 48 42 73 80 82 95 95 99 101 103 100 96 92 104 104 102 Greatest Support 160 | 20 40 40 60 60 60 63 91 91 160 160 160 160 160 160 160 160 160 160 160 Greatest Overweight (x) 3 | . 2 . 3 . . 1 . . 1 . . . . . . . . . 1 Average Overweight (x) . | . . . . . . . . . . . . . . . . . . . . Largest Inventory Capacity 20 | . 15 15 15 15 15 20 20 20 20 20 20 20 20 20 20 20 20 20 20 Average Capacity 17 | . 14 15 15 15 15 17 20 20 20 20 20 20 20 20 20 20 20 20 18 Most Carried 20 | . 15 15 15 15 15 20 18 20 20 20 20 19 18 20 20 20 19 19 19 Average Carried 14 | . 12 14 11 14 15 10 16 18 19 20 19 16 16 19 19 19 18 19 12 Final Capacity 20 | 8 15 15 15 15 15 20 20 20 20 20 20 20 20 20 20 20 20 20 5 Final Carried 20 | 6 15 13 15 15 15 20 18 20 20 20 18 17 18 19 19 20 19 19 4 Class Distribution -------------------- 36% | Scavenger-Tank 14% | Commander-Gunner 12% | Mutant 8% | Commander-Mutant 8% | Commander-Tank 6% | Commander-Scrapper 4% | Scavenger-Executioner 3% | Scrapper Dominant Class ---------------- Mutant | -10/Materials Mutant | -10/Mines Scavenger-Tank | -9/Materials Scavenger-Tank | -9/Storage Commander-Gunner | -9/Recycling Commander-Mutant | -9/Scraptown Scrapper | -6/Factory Commander-Scrapper | -6/Extension Scavenger-Tank | -6/Cetus Scavenger-Tank | -6/Archives Scavenger-Tank | -6/Hub_04(d) Scavenger-Tank | -5/Factory Scavenger-Tank | -5/Upper Caves Scavenger-Tank | -5/Upper Caves Scavenger-Mutant | -5/Zhirov Scavenger-Tank | -4/Proximity Caves Scavenger-Executioner | -4/Factory Scavenger-Executioner | -4/Waste Scavenger-Executioner | -4/Factory Resources | -11 -10 -10 -9 -9 -9 -9 -6 -6 -6 -6 -6 -5 -5 -5 -5 -4 -4 -4 -4 ----------- Run | Yrd Mat Min Mat Sto Rec Scr Fac Ext Cet Arc Hub Fac Upp Upp Zhi Pro Fac Was Fac Matter Collected 6837 | 200 460 33 393 669 37 114 459 585 385 67 387 522 310 158 345 258 . . 1455 Remotely 1746 | . 379 . . . . . . . . . . 277 . . . 112 . . 978 Salvage Created 8950 | . 509 33 990 1460 103 . 546 1078 238 67 700 662 580 189 195 282 . . 1318 Parts 504 | . 51 7 64 97 7 . 25 48 18 5 44 35 30 9 2 23 . . 39 Haulers Intercepted 9 | . 2 . 1 5 . . . . . . . . . . . . . . 1 Recyclers Shooed 3 | . . . . 3 . . . . . . . . . . . . . . . Parts Field Recycled . | . . . . . . . . . . . . . . . . . . . . Retrieved Matter . | . . . . . . . . . . . . . . . . . . . . Parts Self-Destructed 54 | . . . . . . . . . . . . . 26 13 1 14 . . . Prevented 8 | . . . . . . . . . . . . . 4 1 . 3 . . . Kills | -11 -10 -10 -9 -9 -9 -9 -6 -6 -6 -6 -6 -5 -5 -5 -5 -4 -4 -4 -4 ------- Run | Yrd Mat Min Mat Sto Rec Scr Fac Ext Cet Arc Hub Fac Upp Upp Zhi Pro Fac Was Fac Combat Hostiles Destroyed 149 | . 14 3 18 23 2 . 9 15 3 1 3 12 11 3 . 9 . . 23 Guns 111 | . 11 3 16 23 . . 9 15 3 1 3 9 7 3 . 5 . . 3 Cannons 19 | . 3 . 2 . 2 . . . . . . . . . . . . . 12 AOE 17 | . . . . . . . . . . . . 3 4 . . 4 . . 6 Classes Destroyed 17 | . 7 . 2 . . . 1 2 . . 1 1 2 . . 1 . . . Worker 13 | . 1 . . 5 . . . . . . 6 . . . . . . . 1 Builder 6 | . . . . . . . . 1 . . 2 2 . . . . . . 1 Tunneler 1 | . . . . . . . . . . . 1 . . . . . . . . Hauler 9 | . 2 . 1 5 . . . . . . . . . . . . . . 1 Recycler 7 | . . . 3 1 . . . 1 . . 2 . . . . . . . . Minesweeper 1 | . . . . . . . . . . . . . 1 . . . . . . Operator 4 | . 1 . 1 1 . . . . . . . 1 . . . . . . . Drone 2 | . . . . . . . . . . . . . . . . 2 . . . Watcher 11 | . 3 . 1 2 . . . 2 1 . 1 1 . . . . . . . Swarmer 34 | . 6 3 3 6 . . . 3 . . . 4 4 . . 5 . . . Grunt 49 | . 7 . 9 5 . . 4 5 . . . 4 4 . . . . . 11 Brawler 2 | . . . . . . . . . . . . . 1 . . . . . 1 Sentry 33 | . . . 6 12 2 . 1 5 . 1 2 1 . 1 . . . . 2 Hunter 14 | . . . . . . . 4 . . . 1 2 . 2 . . . . 5 Programmer 8 | . . . . . . . . . . . . 1 2 . . 2 . . 3 Behemoth 2 | . . . . . . . . 1 . . . . . . . . . . 1 Cetus Guard 3 | . . . . . . . . . 3 . . . . . . . . . . Subdweller 1 | . 1 . . . . . . . . . . . . . . . . . . Thug 1 | . . . . . . . . 1 . . . . . . . . . . . Best Kill Streak 10 | . 5 3 5 4 1 . 4 4 3 1 6 4 4 1 . 5 . . 10 Combat Bots Only 9 | . 4 3 5 4 1 . 4 4 2 1 2 4 4 1 . 5 . . 9 Max Kills in Single Turn 6 | . 1 1 2 2 1 . 1 2 1 1 6 3 3 1 . 3 . . 5 Gunslinging 1 | . . . 1 1 . . . . . . . 1 1 . . . . . . Exploded 3 | . . . . . . . . . . . . 3 3 . . 3 . . 3 Melee . | . . . . . . . . . . . . . . . . . . . . Uniques/NPCs Destroyed . | . . . . . . . . . . . . . . . . . . . . Combat | -11 -10 -10 -9 -9 -9 -9 -6 -6 -6 -6 -6 -5 -5 -5 -5 -4 -4 -4 -4 -------- Run | Yrd Mat Min Mat Sto Rec Scr Fac Ext Cet Arc Hub Fac Upp Upp Zhi Pro Fac Was Fac Hostile Shots Fired 1048 | . 90 19 94 76 10 . 30 92 47 8 97 27 43 19 . 25 . 3 368 Missed 306 | . 34 3 23 22 4 . 6 32 16 3 30 6 15 6 . 11 . . 95 Hits 742 | . 56 16 71 54 6 . 24 60 31 5 67 21 28 13 . 14 . 3 273 Melee 6 | . . . . . . . . . . . . . 2 . . . . 3 1 Projectile 736 | . 56 16 71 54 6 . 24 60 31 5 67 21 26 13 . 14 . . 272 AOE 10 | . 1 9 . . . . . . . . . . . . . . . . . Critical Strikes 40 | . 1 . 1 3 . . . 2 5 . 1 2 2 . . 1 . 3 19 Damage Taken 13536 | . 774 369 952 730 109 . 395 698 751 118 1266 713 544 183 . 244 . 129 5561 Core 1981 | . 91 62 136 89 . . 37 62 68 . 157 103 . . . 22 . . 1154 Absorbed by Shields 276 | . . . . . . . . 225 51 . . . . . . . . . . Reduced by Siege Mode 430 | . . . . . . . . . 35 . . . 15 5 . 5 . . 370 Ignored by Resistances 121 | . . . . . . . . . . . . . . 58 . 20 . 11 32 Regen/Repaired (Parts) 145 | . . . . . . . 8 137 . . . . . . . . . . . Core Remaining (%) 65 | 100 . 38 . . . 43 . . . . 61 . . . . 87 . . . Volleys Fired 455 | . 52 5 48 59 6 . 23 38 18 7 27 33 24 9 17 19 . 3 67 Largest 6 | . 2 2 3 3 3 . 4 4 4 4 4 4 4 4 1 4 . 6 6 Hottest 444 | . 60 50 106 69 136 . 202 202 142 137 138 240 185 185 35 185 . 253 444 Shots Fired 1309 | . 98 10 136 177 18 . 77 139 61 28 95 77 62 35 17 62 . 16 201 Gun 1110 | . 75 10 117 177 12 . 77 139 59 28 95 77 58 35 17 58 . 16 60 Cannon 182 | . 23 . 19 . 6 . . . . . . . . . . . . . 134 Launcher 15 | . . . . . . . . . . . . . 4 . . 4 . . 7 Special 2 | . . . . . . . . . 2 . . . . . . . . . . Kinetic 1061 | . 98 10 102 177 12 . 58 108 59 28 95 52 45 28 17 45 . 15 112 Thermal 231 | . . . 34 . 6 . 19 31 . . . 25 13 7 . 13 . 1 82 Explosive 4 | . . . . . . . . . . . . . . . . . . . 4 Electromagnetic 11 | . . . . . . . . . . . . . 4 . . 4 . . 3 Robot Hit Streak 20 | . 6 5 10 20 6 . 9 12 16 17 9 8 9 7 15 6 . 14 9 Robot Miss Streak 9 | . 9 1 3 3 1 . 3 6 4 3 4 2 2 5 1 4 . 1 4 Penetration Max 1 | . . . . . . . 1 1 1 . 1 1 1 1 1 . . . . Secondary Targets 20 | . 1 1 2 4 . . . 3 1 . . 2 4 1 . . . . 1 Max Gunslinging Chain 1 | . 1 1 1 1 . . . 1 1 . . 1 1 1 . . . . 1 Shots Hit Robots 754 | . 49 7 85 125 15 3 42 73 48 21 40 32 35 13 16 29 . 15 106 Core Hits 357 | . 26 4 45 51 5 . 16 32 21 8 30 21 22 6 4 12 . 2 52 Critical Kills 16 | . . 2 1 . . . 2 2 1 1 2 2 2 . . . . . 1 Critical Parts Destroyed 33 | . . 1 1 . . . 1 3 3 5 6 3 1 2 2 2 . . 3 Critical Strikes 74 | . . 3 2 . . . 5 7 8 8 11 5 3 2 4 2 . 2 12 Burn 4 | . . . . . . . 2 2 . . . . . . . . . . . Meltdown 1 | . . . . . . . . . . . . . . . . . . . 1 Destroy 61 | . . 3 2 . . . 3 5 8 8 11 5 3 2 4 2 . 2 3 Blast 8 | . . . . . . . . . . . . . . . . . . . 8 Melee Attacks 3 | . . . . . . 3 . . . . . . . . . . . . . Impact . | . . . . . . . . . . . . . . . . . . . . Slashing . | . . . . . . . . . . . . . . . . . . . . Piercing . | . . . . . . . . . . . . . . . . . . . . Sneak Attacks 3 | . . . . . . 3 . . . . . . . . . . . . . Combat Hostiles . | . . . . . . . . . . . . . . . . . . . . Follow-up Attacks . | . . . . . . . . . . . . . . . . . . . . Damage Inflicted 22370 | . 838 154 1151 2034 375 . 1152 2472 1540 621 2186 1536 1269 416 449 910 . 316 4951 Guns 15706 | . 603 121 936 1994 148 . 1152 2471 1540 621 1480 946 984 416 449 699 . 316 830 Cannons 3496 | . 222 . 213 . 138 . . . . . . . . . . . . . 2923 Explosions 2919 | . . . . . . . . . . . 651 590 285 . . 211 . . 1182 Melee . | . . . . . . . . . . . . . . . . . . . . Ramming 249 | . 13 33 2 40 89 . . 1 . . 55 . . . . . . . 16 Kinetic 16145 | . 825 121 765 1994 148 . 870 2033 1540 621 1480 846 796 324 449 575 . 285 2473 Thermal 4596 | . . . 384 . 138 . 282 438 . . . 690 188 92 . 175 . 31 2178 Explosive 31 | . . . . . . . . . . . . . . . . . . . 31 Electromagnetic 1349 | . . . . . . . . . . . 651 . 285 . . 160 . . 253 Impact . | . . . . . . . . . . . . . . . . . . . . Slashing . | . . . . . . . . . . . . . . . . . . . . Piercing . | . . . . . . . . . . . . . . . . . . . . Highest Corruption 22 | . . . . . . . . 1 1 . 12 . 4 4 4 5 . 15 22 Average Corruption 5 | . . . . . . . . 1 1 . 3 . 3 4 4 4 . 11 16 Corruption Purged 1 | . . . . . . . . . 1 . . . . . . . . . . Corruption Blocked . | . . . . . . . . . . . . . . . . . . . . Effects 150 | . . . . . . . . 2 4 . 15 . 19 22 5 21 . 7 55 Message Errors 33 | . . . . . . . . . 2 . 1 . 5 7 1 4 . . 13 Matter Fused 32 | . . . . . . . . 1 . . 6 . 5 4 1 3 . 2 10 Heat Flow Errors 14 | . . . . . . . . 1 . . 2 . 2 1 2 1 . . 5 Energy Discharges 20 | . . . . . . . . . 1 . 1 . 1 4 . 3 . 3 7 Parts Rejected 2 | . . . . . . . . . . . . . . . . . . 1 1 Parts Fused 2 | . . . . . . . . . 1 . . . . . . 1 . . . Data Loss (minor) 18 | . . . . . . . . . . . 2 . 2 4 . 5 . . 5 Data Loss (major) 5 | . . . . . . . . . . . 1 . 1 . 1 . . . 2 Misfires 10 | . . . . . . . . . . . 1 . 2 2 . 2 . . 3 Alerts 1 | . . . . . . . . . . . . . . . . 1 . . . Misdirections 4 | . . . . . . . . . . . . . . . . . . 1 3 Weapon Failures 9 | . . . . . . . . . . . 1 . 1 . . 1 . . 6 Overload Shots 2 | . . . . . . . . . . . . 2 . . . . . . . Overflow Damage 140 | . . . . . . . . . . . 18 60 . . . 3 . . 59 Projectiles 44 | . . . . . . . . . . . . . . . . . . . 44 Explosions 96 | . . . . . . . . . . . 18 60 . . . 3 . . 15 Melee . | . . . . . . . . . . . . . . . . . . . . Knockbacks 16 | . 3 . 1 . . . . . . . . . . . . . . . 12 Impact . | . . . . . . . . . . . . . . . . . . . . Kinetic 15 | . 3 . 1 . . . . . . . . . . . . . . . 11 Secondary 1 | . . . . . . . . . . . . . . . . . . . 1 Self-Inflicted Damage 470 | . . . . . . . . . . . 77 239 1 . . 11 . . 142 Shots 9 | . . . . . . . . . . . 1 3 1 . . 1 . . 3 Rammed 26 | . . 3 3 4 10 . . . . . 4 . . . . . . . 2 Targets Rammed 29 | . 1 3 3 5 10 . . 1 . . 4 . . . . . . . 2 Kicked . | . . . . . . . . . . . . . . . . . . . . Crushed 3 | . 1 . . 1 . . . 1 . . . . . . . . . . . Highest Temperature 660 | . 42 . 268 186 225 . 302 424 260 21 145 3 82 65 . . . . 660 Average Temperature 101 | . 9 . 73 43 91 . 127 154 84 10 17 2 41 37 . . . . 239 Received Heat Transfer 2073 | . 141 . 312 234 15 . 99 204 54 18 244 27 144 . . . . . 581 Effects 13 | . . . . . . . . 1 . . . . . . . . . . 12 Energy Bleed 4 | . . . . . . . . 1 . . . . . . . . . . 3 Interference 3 | . . . . . . . . . . . . . . . . . . . 3 Short Circuit 2 | . . . . . . . . . . . . . . . . . . . 2 Damage (minor) 1 | . . . . . . . . . . . . . . . . . . . 1 Damage (major) 1 | . . . . . . . . . . . . . . . . . . . 1 Damage (core) 2 | . . . . . . . . . . . . . . . . . . . 2 Siege Activations 10 | . . . . . . . . . 1 . . . 2 1 . 2 . . 4 Total Turns 194 | . . . . . . . . . 15 . . . 21 20 . 18 . . 120 Longest Duration 48 | . . . . . . . . . 15 . . . 14 20 . 14 . . 48 Martial Activations . | . . . . . . . . . . . . . . . . . . . . Shielding Activations . | . . . . . . . . . . . . . . . . . . . . Robots Disrupted . | . . . . . . . . . . . . . . . . . . . . Combat Hostiles . | . . . . . . . . . . . . . . . . . . . . Robots Corrupted . | . . . . . . . . . . . . . . . . . . . . Combat Hostiles . | . . . . . . . . . . . . . . . . . . . . Parts Fried 1 | . . . . . . . . . 1 . . . . . . . . . . Impact Corruptions . | . . . . . . . . . . . . . . . . . . . . Robots Melted 3 | . . . . . . . . . . . . . . . . . . . 3 Combat Hostiles 2 | . . . . . . . . . . . . . . . . . . . 2 Parts Melted 12 | . . . 1 . 1 . 1 1 . . . 2 . . . . . . 6 Heat Transferred 6061 | . . . 633 . 185 . 700 950 . . . 548 185 111 . 185 . 37 2527 Parts Sabotaged . | . . . . . . . . . . . . . . . . . . . . Parts Stolen . | . . . . . . . . . . . . . . . . . . . . Parts Stripped . | . . . . . . . . . . . . . . . . . . . . Power Chain Reactions 4 | . . . . . . . . . . . . 1 . . . 2 . . 1 Alert | -11 -10 -10 -9 -9 -9 -9 -6 -6 -6 -6 -6 -5 -5 -5 -5 -4 -4 -4 -4 ------- Run | Yrd Mat Min Mat Sto Rec Scr Fac Ext Cet Arc Hub Fac Upp Upp Zhi Pro Fac Was Fac Maximum Alert Level 4 | . 1 . 1 2 . . . 3 2 1 4 3 . . . . 1 . 2 Low Security (%) 52 | . 80 100 88 29 100 . 100 39 . 11 7 . . . . . . 100 34 Level 1 20 | . 19 . 11 65 . . . 4 6 88 40 18 . . . . 100 . 12 Level 2 21 | . . . . 5 . . . 26 93 . 38 59 . . . . . . 53 Level 3 5 | . . . . . . . . 29 . . 8 22 . . . . . . . Level 4 . | . . . . . . . . . . . 4 . . . . . . . . Level 5 . | . . . . . . . . . . . . . . . . . . . . High Security . | . . . . . . . . . . . . . . . . . . . . Max Security . | . . . . . . . . . . . . . . . . . . . . Peak Influence 1130 | . 243 120 220 562 117 . 162 929 523 385 1130 902 . . . . 300 91 542 Initial 546 | . . 90 . 79 87 . . 18 512 175 123 546 . . . . 300 91 . Average 242 | . 63 44 104 242 23 . 80 431 460 318 455 552 . . . . 284 46 305 Influence Increases 8674 | . 489 70 532 969 238 . 449 1321 300 230 1460 808 255 106 5 170 300 . 972 Destroy 0b10 Robot/C 3860 | . 260 60 360 460 60 . 240 600 160 80 360 320 220 80 . 140 . . 460 Destroy 0b10 Robot/NC 305 | . 35 . 30 70 . . . 30 10 . 75 20 5 . 5 10 . . 15 Destroy Leader 836 | . 50 10 104 184 . . 60 96 . . 108 52 30 20 . 20 . . 102 Allied During Kill 1238 | . . . . . 10 . 69 432 103 80 433 105 . 6 . . . . . Successful Hack 145 | . 29 . 8 20 18 . 18 24 . . 14 7 . . . . . . 7 Select Force Hacks 180 | . 30 . . . 150 . . . . . . . . . . . . . . Disable Machine 585 | . . . 15 15 . . 30 60 . 60 120 120 . . . . . . 165 Anti-Garrison Action 400 | . . . . 200 . . . . . . 200 . . . . . . . . Destroy Structure 690 | . 10 . . 5 . . 32 64 27 10 150 184 . . . . . . 208 Advance Influence 300 | . . . . . . . . . . . . . . . . . 300 . . Lose Combat Pursuer 135 | . 75 . 15 15 . . . 15 . . . . . . . . . . 15 Influence Decreases 8159 | . 258 301 343 932 436 28 411 442 779 313 698 1033 739 514 5 170 40 260 457 Entered New Map 2487 | . . 141 . 110 139 28 . 20 405 263 232 571 331 78 . . . 169 . Time Decay 4496 | . 218 160 283 522 297 . 231 382 214 50 356 422 398 406 5 170 40 51 291 Lost Part 350 | . 40 . 60 . . . . . 20 . 10 . 10 10 . . . 40 160 Lost Ally 526 | . . . . . . . 180 40 140 . 100 40 . 20 . . . . 6 Purge Threat 300 | . . . . 300 . . . . . . . . . . . . . . . Squads Dispatched 38 | . 2 . . 6 . . 9 2 . . 7 5 . . . . . . 7 Investigation 14 | . 2 . . 2 . . 4 . . . 1 3 . . . . . . 2 Extermination 4 | . . . . . . . 1 . . . 1 . . . . . . . 2 Reinforcement 13 | . . . . 3 . . 1 2 . . 4 1 . . . . . . 2 Assault 3 | . . . . . . . . . . . 1 1 . . . . . . 1 Garrison 4 | . . . . 1 . . 3 . . . . . . . . . . . . Intercept . | . . . . . . . . . . . . . . . . . . . . Searches Triggered . | . . . . . . . . . . . . . . . . . . . . Construction Impeded 4 | . . . . 1 . . . 1 . . 1 . . . . . . . 1 Haulers Reinforced 3 | . . . . . . . . . . . 1 1 . . . . . . 1 Active Scanning Responses . | . . . . . . . . . . . . . . . . . . . . Cargo Convoy Interrupts . | . . . . . . . . . . . . . . . . . . . . Stealth | -11 -10 -10 -9 -9 -9 -9 -6 -6 -6 -6 -6 -5 -5 -5 -5 -4 -4 -4 -4 --------- Run | Yrd Mat Min Mat Sto Rec Scr Fac Ext Cet Arc Hub Fac Upp Upp Zhi Pro Fac Was Fac Distress Signals 11 | . . . . . . . . 3 2 . . . . . . 1 . . 5 Communications Jammed . | . . . . . . . . . . . . . . . . . . . . Distress Signals . | . . . . . . . . . . . . . . . . . . . . Times Spotted 265 | . 29 5 24 30 3 . 14 32 10 6 24 15 11 4 . 8 . 5 45 Peak Tracking Total 11 | . 6 3 8 4 1 . 2 7 5 2 5 4 4 2 . 5 . 5 11 Tactical Retreats 7 | . 3 . 1 1 . . . 1 . . . . . . . . . . 1 Traps | -11 -10 -10 -9 -9 -9 -9 -6 -6 -6 -6 -6 -5 -5 -5 -5 -4 -4 -4 -4 ------- Run | Yrd Mat Min Mat Sto Rec Scr Fac Ext Cet Arc Hub Fac Upp Upp Zhi Pro Fac Was Fac Traps Triggered 9 | . 2 . . 1 . . . . . . 3 2 . . . . 1 . . Indirectly 3 | . . . . . . . . . . . 1 2 . . . . . . . Trap Hack Attempts . | . . . . . . . . . . . . . . . . . . . . Triggered . | . . . . . . . . . . . . . . . . . . . . Disarmed . | . . . . . . . . . . . . . . . . . . . . Reprogrammed . | . . . . . . . . . . . . . . . . . . . . Reused . | . . . . . . . . . . . . . . . . . . . . Traps Extracted . | . . . . . . . . . . . . . . . . . . . . Installed . | . . . . . . . . . . . . . . . . . . . . Triggered . | . . . . . . . . . . . . . . . . . . . . Most Traps Carried 2 | . . . . . . . . . . . . . 2 2 2 2 2 2 2 Machines | -11 -10 -10 -9 -9 -9 -9 -6 -6 -6 -6 -6 -5 -5 -5 -5 -4 -4 -4 -4 ---------- Run | Yrd Mat Min Mat Sto Rec Scr Fac Ext Cet Arc Hub Fac Upp Upp Zhi Pro Fac Was Fac Machines Disabled 42 | . . . 1 1 . . 2 6 . 4 8 8 . . . . . . 12 Max in Single Turn 4 | . . . 1 1 . . 1 1 . 1 2 4 . . . . . . 4 Garrison Access 3 | . . . . 1 . . . . . . 2 . . . . . . . . Network Hub 1 | . . . . . . . . . . . 1 . . . . . . . . Energy Cycler 1 | . . . . . . . . 1 . . . . . . . . . . . Machines Repaired . | . . . . . . . . . . . . . . . . . . . . Machines Dismantled . | . . . . . . . . . . . . . . . . . . . . Machines Sabotaged . | . . . . . . . . . . . . . . . . . . . . Overloaded Fab Kills . | . . . . . . . . . . . . . . . . . . . . Hacking | -11 -10 -10 -9 -9 -9 -9 -6 -6 -6 -6 -6 -5 -5 -5 -5 -4 -4 -4 -4 --------- Run | Yrd Mat Min Mat Sto Rec Scr Fac Ext Cet Arc Hub Fac Upp Upp Zhi Pro Fac Was Fac Machines Accessed 63 | . 8 . 2 9 11 5 6 2 . . 4 6 . 2 4 . 1 . 3 Terminals 32 | . 7 . 2 8 6 . 2 2 . . 2 2 . . . . . . 1 Fabricators . | . . . . . . . . . . . . . . . . . . . . Repair Stations . | . . . . . . . . . . . . . . . . . . . . Recycling Units 16 | . 1 . . . 5 . 4 . . . . 3 . . . . 1 . 2 Scanalyzers . | . . . . . . . . . . . . . . . . . . . . Garrison Access 4 | . . . . 1 . . . . . . 2 1 . . . . . . . Total Hacks 171 | . 25 . 6 22 21 28 9 4 . . 8 17 . 8 17 . 2 . 4 Successful 112 | . 14 . 2 12 9 28 6 3 . . 4 7 . 8 17 . . . 2 Failed 57 | . 10 . 4 10 11 . 3 1 . . 4 10 . . . . 2 . 2 Catastrophic 11 | . . . . 3 . . . 1 . . 2 2 . . . . 1 . 2 Database Lockouts 2 | . 1 . . . 1 . . . . . . . . . . . . . . Manual 80 | . 21 . 3 8 16 . 8 2 1 . 4 12 . . . . 2 . 3 Terminals 80 | . 23 . 6 18 15 . 2 4 . . 5 6 . . . . . . 1 Fabricators . | . . . . . . . . . . . . . . . . . . . . Repair Stations . | . . . . . . . . . . . . . . . . . . . . Recycling Units 27 | . 2 . . . 6 . 7 . . . . 7 . . . . 2 . 3 Scanalyzers . | . . . . . . . . . . . . . . . . . . . . Garrison Access 11 | . . . . 4 . . . . . . 3 4 . . . . . . . Terminal Hacks 81 | . 8 . 1 10 3 28 1 2 . . . 2 . 8 17 . . . 1 Record 39 | . . . . . . 27 . . . . . . . 7 5 . . . . Part Schematic 6 | . . . . . 2 . . . . . . . . . 4 . . . . Robot Analysis 7 | . 2 . . 1 . . . . . . . . . . 4 . . . . Prototype ID Bank 10 | . 3 . . 1 1 . . 1 . . . . . . 4 . . . . Open Door 5 | . . . . 3 . . 1 . . . . . . 1 . . . . . Branch Access Points 3 | . . . 1 . . . . . . . . 1 . . . . . . 1 Recycling Unit Index 1 | . . . . . . . . . . . . 1 . . . . . . . Unreport Threat 2 | . . . . 2 . . . . . . . . . . . . . . . Locate Traps 5 | . 2 . . 2 . . . 1 . . . . . . . . . . . Hauler Manifests 2 | . 1 . . 1 . . . . . . . . . . . . . . . Proto ID Catalog 1 | . . . . . . 1 . . . . . . . . . . . . . Fabricator Hacks . | . . . . . . . . . . . . . . . . . . . . Repair Station Hacks . | . . . . . . . . . . . . . . . . . . . . Recycling Unit Hacks . | . . . . . . . . . . . . . . . . . . . . Scanalyzer . | . . . . . . . . . . . . . . . . . . . . Garrison Access Hacks 1 | . . . . . . . . . . . 1 . . . . . . . . Seal Access 1 | . . . . . . . . . . . 1 . . . . . . . . Unauthorized Hacks 30 | . 6 . 1 2 6 . 5 1 . . 3 5 . . . . . . 1 Terminals 14 | . 5 . 1 1 1 . 1 1 . . 2 2 . . . . . . . Botnet 13 | . 4 . 1 1 1 . 1 1 . . 2 2 . . . . . . . Disrupt 1 | . 1 . . . . . . . . . . . . . . . . . . Fabricators . | . . . . . . . . . . . . . . . . . . . . Repair Stations . | . . . . . . . . . . . . . . . . . . . . Recycling Units 14 | . 1 . . . 5 . 4 . . . . 3 . . . . . . 1 Tunnel 6 | . 1 . . . 5 . . . . . . . . . . . . . . Fedlink 6 | . . . . . . . 4 . . . . 2 . . . . . . . Scrapoids 1 | . . . . . . . . . . . . 1 . . . . . . . Scraphulk 1 | . . . . . . . . . . . . . . . . . . . 1 Scanalyzers . | . . . . . . . . . . . . . . . . . . . . Garrison Access 2 | . . . . 1 . . . . . . 1 . . . . . . . . Jam 2 | . . . . 1 . . . . . . 1 . . . . . . . . Data Cores Recovered 2 | . 1 . 1 . . . . . . . . . . . . . . . . Used . | . . . . . . . . . . . . . . . . . . . . Hacking Detections 32 | . 6 . 1 7 5 . 3 2 . . 3 3 . . . . 1 . 1 Full Trace Events 3 | . . . 1 1 . . . . . . . . . . . . . . 1 Feedback Events . | . . . . . . . . . . . . . . . . . . . . Feedback Blocked . | . . . . . . . . . . . . . . . . . . . . Robot Schematics Acquired . | . . . . . . . . . . . . . . . . . . . . Robots Built . | . . . . . . . . . . . . . . . . . . . . Authchips . | . . . . . . . . . . . . . . . . . . . . Time . | . . . . . . . . . . . . . . . . . . . . Total Robot Build Rating . | . . . . . . . . . . . . . . . . . . . . Part Schematics Acquired 6 | . . . . . 2 . . . . . . . . . 4 . . . . Parts Built . | . . . . . . . . . . . . . . . . . . . . Authchips . | . . . . . . . . . . . . . . . . . . . . Time . | . . . . . . . . . . . . . . . . . . . . Total Part Build Rating . | . . . . . . . . . . . . . . . . . . . . Parts Repaired . | . . . . . . . . . . . . . . . . . . . . Time . | . . . . . . . . . . . . . . . . . . . . Parts Recycled . | . . . . . . . . . . . . . . . . . . . . Recycled Matter . | . . . . . . . . . . . . . . . . . . . . Retrieved Matter . | . . . . . . . . . . . . . . . . . . . . Retrieved Components . | . . . . . . . . . . . . . . . . . . . . Parts Scanalyzed . | . . . . . . . . . . . . . . . . . . . . Part Schematics Acquired . | . . . . . . . . . . . . . . . . . . . . Parts Damaged . | . . . . . . . . . . . . . . . . . . . . Bothacking | -11 -10 -10 -9 -9 -9 -9 -6 -6 -6 -6 -6 -5 -5 -5 -5 -4 -4 -4 -4 ------------ Run | Yrd Mat Min Mat Sto Rec Scr Fac Ext Cet Arc Hub Fac Upp Upp Zhi Pro Fac Was Fac Used RIF Installer . | . . . . . . . . . . . . . . . . . . . . Robots Hacked 3 | . . . . . . 3 . . . . . . . . . . . . . Non-combat . | . . . . . . . . . . . . . . . . . . . . Combat 3 | . . . . . . 3 . . . . . . . . . . . . . Robot Hacks Applied 3 | . . . . . . 3 . . . . . . . . . . . . . parse_system 3 | . . . . . . 3 . . . . . . . . . . . . . Relay Couplers Released . | . . . . . . . . . . . . . . . . . . . . Fabnet Peak Effective % . | . . . . . . . . . . . . . . . . . . . . Robots Rewired 11 | . . . . . . . . 11 . . . . . . . . . . . Allies Hacked . | . . . . . . . . . . . . . . . . . . . . Hacks Repelled . | . . . . . . . . . . . . . . . . . . . . Allies | -11 -10 -10 -9 -9 -9 -9 -6 -6 -6 -6 -6 -5 -5 -5 -5 -4 -4 -4 -4 -------- Run | Yrd Mat Min Mat Sto Rec Scr Fac Ext Cet Arc Hub Fac Upp Upp Zhi Pro Fac Was Fac Total Allies 37 | . . 1 . 10 . . . 14 5 . . 5 . 2 . . . . . Largest Group 10 | . . 1 . 10 10 10 10 10 10 8 7 6 . 2 . . . . . Highest-Rated Group 581 | . . 31 . 88 88 88 88 442 581 581 550 327 . 56 . . . . . Highest-Rated Ally 159 | . . 31 . 16 16 16 16 159 159 96 96 89 . 31 . . . . . Total Orders 8 | . . . . . 5 3 . . . . . . . . . . . . . STAY 5 | . . . . . 3 2 . . . . . . . . . . . . . FOLLOW 3 | . . . . . 2 1 . . . . . . . . . . . . . Ally Attacks 380 | . . . . . 11 . 70 109 57 19 68 33 . 13 . . . . . Total Damage 8690 | . . . . . 131 . 694 2116 1169 515 3069 781 . 215 . . . . . Kills 57 | . . . . . 1 . 3 19 6 4 18 5 . 1 . . . . . Allies Corrupted 1 | . . . . . . . . . . . 1 . . . . . . . . Allies Melted . | . . . . . . . . . . . . . . . . . . . . Intel | -11 -10 -10 -9 -9 -9 -9 -6 -6 -6 -6 -6 -5 -5 -5 -5 -4 -4 -4 -4 ------- Run | Yrd Mat Min Mat Sto Rec Scr Fac Ext Cet Arc Hub Fac Upp Upp Zhi Pro Fac Was Fac Active Infowar (turns) 5434 | . 412 . . . . . . . . . . 959 921 985 304 716 80 145 912 Optics 2734 | . . . . . . . . . . . . . . 577 304 716 80 145 912 Sensors 4644 | . . . . . . . . . . . . 959 921 985 304 716 80 145 534 Structural 412 | . 412 . . . . . . . . . . . . . . . . . . Robot Analysis Total 7 | . 2 . . 1 . . . . . . . . . . 4 . . . . Derelict Logs Recovered 10 | . . 1 . . . 2 . . . . . . 3 2 . 2 . . . Drone Launches 2 | . . . . . . . . . . . . . . . . . . . 2 Drone Recoveries 1 | . . . . . . . . . . . . . . . . . . . 1 Exploration | -11 -10 -10 -9 -9 -9 -9 -6 -6 -6 -6 -6 -5 -5 -5 -5 -4 -4 -4 -4 ------------- Run | Yrd Mat Min Mat Sto Rec Scr Fac Ext Cet Arc Hub Fac Upp Upp Zhi Pro Fac Was Fac Turns Passed 17587 | . 1523 478 682 1451 1220 4092 587 981 459 101 803 1025 952 985 304 716 80 145 1003 Spaces Moved 9726 | 1 809 286 291 727 725 2458 340 495 205 48 437 578 530 573 155 396 47 83 542 Core 528 | . . . . . . 464 . . . . . . . . . . . . 64 Treads 9007 | . 736 286 290 727 725 1994 340 495 205 48 437 578 530 573 155 396 47 83 362 Legs 62 | 1 60 . 1 . . . . . . . . . . . . . . . . Wheels 13 | . 13 . . . . . . . . . . . . . . . . . . Hover . | . . . . . . . . . . . . . . . . . . . . Flight 116 | . . . . . . . . . . . . . . . . . . . 116 Fastest Speed 37 | 120 110 160 160 160 160 50 155 155 153 160 160 160 160 160 160 160 160 160 37 Average Speed 159 | 120 161 160 160 160 160 164 155 155 159 160 160 160 160 160 160 160 160 160 131 Slowest Speed 330 | 120 260 160 330 160 160 246 155 155 200 160 160 160 160 160 160 160 160 160 240 Overloaded Moves . | . . . . . . . . . . . . . . . . . . . . Propulsion Burnouts . | . . . . . . . . . . . . . . . . . . . . Robots Hopped 4 | . . . . . . . . . . . . . . . . . . . 4 Potential Cave-ins 10 | . . . . . . . . . . . 7 . . . . . . . 3 Cave-ins Triggered 1 | . . . . . . . . . . . 1 . . . . . . . . Exploration Rate (%) 56 | 1 99 56 29 90 92 89 9 76 56 73 52 17 72 79 61 66 3 90 20 Regions Visited 19 Branch Regions 12 Pre-discovered Areas 19 | . 1 . . . 5 6 1 . . . . . . 1 3 2 . . . Known Exits Taken 9 | . . 1 1 . . . 1 . . . 1 1 1 1 1 1 . . . Unknown Exits Taken 8 | 1 1 . . 1 1 1 . 1 1 1 . . . . . . . . . Scrap Searched 17 | . . 1 . . . 12 . . . . . . 1 1 . 2 . . . Spaces Dug 32 | . . . . . . . 2 . . . 12 7 3 . . . . . 8 Terrain Destroyed 637 | . 10 . . . . . 32 58 8 11 198 91 23 12 1 30 . . 163 Melee . | . . . . . . . . . . . . . . . . . . . . Projectile 289 | . 10 . . . . . 31 58 8 11 32 28 23 12 1 25 . . 50 AOE 346 | . . . . . . . . . . . 166 62 . . . 5 . . 113 Terrain Rammed . | . . . . . . . . . . . . . . . . . . . . Walls Destroyed . | . . . . . . . . . . . . . . . . . . . . Machines Disabled . | . . . . . . . . . . . . . . . . . . . . Actions | -11 -10 -10 -9 -9 -9 -9 -6 -6 -6 -6 -6 -5 -5 -5 -5 -4 -4 -4 -4 --------- Run | Yrd Mat Min Mat Sto Rec Scr Fac Ext Cet Arc Hub Fac Upp Upp Zhi Pro Fac Was Fac Total 11015 | . 930 295 409 890 766 2507 388 689 323 58 477 620 588 620 196 435 52 86 686 Wait 330 | . 20 . 23 62 24 1 12 39 40 2 5 2 25 31 . 14 . . 30 Move 9700 | . 808 285 290 726 724 2457 339 494 204 47 435 577 529 572 154 395 47 82 535 Hop 3 | . . . . . . . . . . . . . . . . . . . 3 Pick Up 80 | . 15 . 9 5 . 17 4 2 15 . 1 2 2 2 3 . . . 3 Fast Attach 65 | . 8 . 7 1 . 9 1 1 7 1 . . . 2 8 1 1 1 17 Attach 59 | . 7 2 10 . . 1 7 1 4 . 1 3 2 1 2 1 2 . 15 Detach 39 | . 7 . 4 . . 3 1 2 6 . . . 1 2 2 1 1 . 9 Swap 49 | . 4 . 7 13 1 1 1 1 4 . 1 3 5 . . 4 1 . 3 Drop 94 | . 8 . 8 19 1 15 . 2 25 1 2 . . 1 10 . . . 2 Fire 455 | . 52 5 48 59 6 . 23 38 18 7 27 33 24 9 17 19 . 3 67 Melee 3 | . . . . . . 3 . . . . . . . . . . . . . Ram 1 | . . . . . . . . . . . . . . . . . . . 1 Kick . | . . . . . . . . . . . . . . . . . . . . Crush 28 | . 1 3 3 5 10 . . 1 . . 4 . . . . . . . 1 Escape Stasis 2 | . . . . . . . . 1 . . 1 . . . . . . . . Rewire 107 | . . . . . . . . 107 . . . . . . . . . . . Trap . | . . . . . . . . . . . . . . . . . . . . Miscellaneous . | . . . . . . . . . . . . . . . . . . . . Route ------- -11/Scrapyard -10/Materials (discovered 6 exits: *Mat x3 / [*Min x2] / [*Sub]) -10/Mines (discovered 2 exits: *Mat x2) -9/Materials (discovered 3 exits: *Min x2 / *Sto) -9/Storage (discovered 2 exits: [*Mat] / *Rec) -9/Recycling (discovered 2 exits: [*Fac] / *Scr) -9/Scraptown (discovered 2 exits: *Fac x2) -6/Factory (discovered 5 exits: Fac x2 / Low x2 / *Ext) -6/Extension (discovered 3 exits: *Fac x2 / *Cet) -6/Cetus (discovered 2 exits: *Fac / [*Arc]) -6/Archives (discovered 2 exits: *Hub x2) -6/Hub_04(d) -5/Factory (discovered 2 exits: *Upp x2) -5/Upper Caves -5/Upper Caves (discovered 2 exits: *Fac / *Zhi) -5/Zhirov -4/Proximity Caves -4/Factory (discovered 5 exits: Res x3 / Upp x2) -4/Waste -4/Factory (discovered 4 exits: *Res / *Upp x2 / *Arm) History --------- Turn | Location | Event 1 | -11/Scrapyard | Discovered new exit (range 0) 1 | -11/Scrapyard | Entered Materials 179 | -10/Materials | Discovered new exit (range 8) 295 | -10/Materials | Discovered new exit (range 13) 315 | -10/Materials | Build established: Mutant 480 | -10/Materials | Discovered new exit (range 16) 607 | -10/Materials | Discovered new exit (range 15) 681 | -10/Materials | Discovered new exit (range 6) 701 | -10/Materials | Derelicts attacked the area 740 | -10/Materials | Central database locked down 1219 | -10/Materials | Discovered new exit (range 16) 1271 | -10/Materials | Lost 3 parts (1p1n1u) 1524 | -10/Materials | Entered Mines 1663 | -10/Mines | Received a Mining Laser from a helpful Derelict 1931 | -10/Mines | Identified exit to Materials 1987 | -10/Mines | Discovered exit to Materials (range 15) 1988 | -10/Mines | Assembled infested the area 2001 | -10/Mines | Core integrity fell below 50% 2002 | -10/Mines | Entered Materials 2002 | -9/Materials | Evolved 2 slots: Propulsion x1, Weapon x1 2025 | -9/Materials | Lost 3 parts (1n2w) 2030 | -9/Materials | Identified exit to Mines 2030 | -9/Materials | Identified exit to Storage 2277 | -9/Materials | Lost 5 parts (1p2n2w) 2684 | -9/Materials | Entered Storage 2806 | -9/Storage | Build established: Scavenger-Tank 3175 | -9/Storage | Garrison activated, responded to threat 3200 | -9/Storage | Core integrity fell below 50% 3744 | -9/Storage | Discovered new exit (range 15) 3959 | -9/Storage | Assisted by bots powering up and referring to "LRC-V3" 4118 | -9/Storage | Used back door to open Recycling access 4118 | -9/Storage | Discovered new exit (range 5) 4135 | -9/Storage | Entered Recycling 4135 | -9/Recycling | Accompanied by 10 allies 4311 | -9/Recycling | Build established: Commander-Gunner 4800 | -9/Recycling | Discovered new exit (range 16) 5291 | -9/Recycling | Scanned before Scraplab entrance 5313 | -9/Recycling | Entered Scraplab 5326 | -9/Recycling | Discovered new exit (range 3) 5355 | -9/Recycling | Entered Scraptown 5355 | -9/Scraptown | Accompanied by 10 allies 5589 | -9/Scraptown | Heard Great Nut preacher, LISTEN AND RECITE! 5647 | -9/Scraptown | Scanned Subdweller tech in exchange for log data 5650 | -9/Scraptown | Learned Factory trap positions 5651 | -9/Scraptown | Learned location of 1 exit from Proximity Caves 5997 | -9/Scraptown | Build established: Commander-Mutant 6073 | -9/Scraptown | Discovered new exit (range 11) 6172 | -9/Scraptown | Visited Awakened 6199 | -9/Scraptown | Visited Cyclists 6257 | -9/Scraptown | Visited UFD Registry 6257 | -9/Scraptown | Registered with UFD as "Cryospreader" 6321 | -9/Scraptown | Entered Cyclist Reading Room 6329 | -9/Scraptown | Learned location of Exiles (-9) 6329 | -9/Scraptown | Learned location of Zion (-7) 6367 | -9/Scraptown | Visited Bundlers 6457 | -9/Scraptown | Visited TADAMA 6513 | -9/Scraptown | Visited Abandonware Association 6529 | -9/Scraptown | Learned abandonware demo "POISON.EXE" 6532 | -9/Scraptown | Learned abandonware demo "OVRCLOCK.EXE" 6566 | -9/Scraptown | Visited Science Guys 6620 | -9/Scraptown | Visited Science Testing Area 6643 | -9/Scraptown | Visited Chapter 10 6699 | -9/Scraptown | Visited Scrap Suit Storage 6745 | -9/Scraptown | Visited Modified Component R&D 6803 | -9/Scraptown | Visited Junk Repository 6849 | -9/Scraptown | Visited DA-N13 Charitable Foundation 6863 | -9/Scraptown | Found DCF Scrap (30 items) 6897 | -9/Scraptown | Visited Cartography Club 6963 | -9/Scraptown | Learned location of Extension (-6) 6963 | -9/Scraptown | Learned 4 Access zone layouts 6963 | -9/Scraptown | Learned 8 Lower Caves zone layouts 6963 | -9/Scraptown | Learned 20 Upper Caves zone layouts 6963 | -9/Scraptown | Learned 8 Proximity Caves zone layouts 6963 | -9/Scraptown | Learned 4 Hub_04(d) zone layouts 6963 | -9/Scraptown | Learned Storage emergency access door positions 6963 | -9/Scraptown | Learned location of 3 exits from Factory 6963 | -9/Scraptown | Learned location of 1 exit from Lower Caves 7562 | -9/Scraptown | Build established: Commander-Gunner 8160 | -9/Scraptown | Build established: Commander-Tank 8748 | -9/Scraptown | Found Scrap Suit 9149 | -9/Scraptown | Discovered new exit (range 3) 9362 | -9/Scraptown | Met Optimus 9362 | -9/Scraptown | Accepted into 0bPrime 9447 | -9/Scraptown | Entered Factory 9447 | -6/Factory | Accompanied by 10 allies 9447 | -6/Factory | Evolved 6 slots: Propulsion x1, Utility x4, Weapon x1 9448 | -6/Factory | Identified exit to Lower Caves 9449 | -6/Factory | Identified exit to Factory 9449 | -6/Factory | Identified exit to Extension 9450 | -6/Factory | Loaded intel: 116 trap records 9554 | -6/Factory | Loaded intel: 8 recycling unit locations 9591 | -6/Factory | Learned location of Protoforge (-2) 9614 | -6/Factory | Garrison activated, responded to threat 9663 | -6/Factory | Lost 6 allies 9945 | -6/Factory | Build established: Scrapper 10034 | -6/Factory | Entered Extension 10036 | -6/Extension | Disrupted transfer network 10333 | -6/Extension | Energy Cycler disabled 10333 | -6/Extension | Rescued a captive Derelict 10336 | -6/Extension | Rescued a captive Derelict 10337 | -6/Extension | Rescued a captive Derelict 10338 | -6/Extension | Rescued a captive Derelict 10340 | -6/Extension | Rescued a captive Derelict 10416 | -6/Extension | Rescued A7 10425 | -6/Extension | Spotted B-75 Beast 10444 | -6/Extension | Destroyed B-75 Beast 10462 | -6/Extension | Discovered exit to Factory (range 15) 10519 | -6/Extension | Build established: Commander-Scrapper 10585 | -6/Extension | Lost 3 allies 10984 | -6/Extension | Discovered exit to Factory (range 10) 10986 | -6/Extension | Discovered new exit (range 6) 11015 | -6/Extension | Entered Cetus 11015 | -6/Cetus | Accompanied by 10 allies (A7) 11020 | -6/Cetus | Acquired a Cetus Manufacturing Module code from A7 11041 | -6/Cetus | Spotted Cetus Guard 11041 | -6/Cetus | Spotted Cetus Guard 11045 | -6/Cetus | Spotted Cetus Guard 11046 | -6/Cetus | Spotted Cetus Guard 11060 | -6/Cetus | Allies destroyed Cetus Guard 11063 | -6/Cetus | Destroyed Cetus Guard 11064 | -6/Cetus | Allies destroyed Cetus Guard 11067 | -6/Cetus | Destroyed Cetus Guard 11070 | -6/Cetus | Extracted ID and sensor layout for unrecognized location from A7's data core 11083 | -6/Cetus | Lost 5 allies 11252 | -6/Cetus | Started Cetus Manufacturing Module 11271 | -6/Cetus | Discovered new exit (range 15) 11277 | -6/Cetus | Manufactured an Enhanced Grunt 11297 | -6/Cetus | Spotted Cetus Guard 11298 | -6/Cetus | Spotted Cetus Guard 11302 | -6/Cetus | Manufactured an Enhanced Grunt 11304 | -6/Cetus | Spotted Cetus Guard 11315 | -6/Cetus | Allies destroyed Cetus Guard 11318 | -6/Cetus | Spotted Cetus Guard 11324 | -6/Cetus | Allies destroyed Cetus Guard 11327 | -6/Cetus | Manufactured an Enhanced Grunt 11327 | -6/Cetus | Allies destroyed Cetus Guard 11330 | -6/Cetus | Destroyed Cetus Guard 11341 | -6/Cetus | Discovered exit to Factory (range 15) 11352 | -6/Cetus | Manufactured an Enhanced Grunt 11363 | -6/Cetus | Met Revision 17 11377 | -6/Cetus | Manufactured an Enhanced Grunt 11474 | -6/Cetus | Entered Archives 11474 | -6/Archives | Accompanied by 8 allies 11526 | -6/Archives | Discovered new exit (range 16) 11545 | -6/Archives | Discovered new exit (range 16) 11575 | -6/Archives | Entered Hub_04(d) 11575 | -6/Hub_04(d) | Accompanied by 7 allies 11703 | -6/Hub_04(d) | Build established: Scavenger-Tank 11811 | -6/Hub_04(d) | Discovered exit to Factory (range 5) 11926 | -6/Hub_04(d) | Spotted B-75 Beast 11941 | -6/Hub_04(d) | Allies destroyed B-75 Beast 12151 | -6/Hub_04(d) | Crushed by falling debris 12275 | -6/Hub_04(d) | First assault squad dispatched 12344 | -6/Hub_04(d) | Network Hub disabled 12371 | -6/Hub_04(d) | Lost 3 allies 12378 | -6/Hub_04(d) | System corruption reached 10% 12378 | -6/Hub_04(d) | Entered Factory 12378 | -5/Factory | Accompanied by 1 ally 12378 | -5/Factory | Evolved 2 slots: Utility x2 12494 | -5/Factory | Identified exit to Upper Caves 13128 | -5/Factory | Scrapoids reinforcements arrived? 13214 | -5/Factory | Lost 4 allies 13278 | -5/Factory | First assault squad dispatched 13303 | -5/Factory | Loaded intel: 7 recycling unit locations 13403 | -5/Factory | Entered Upper Caves 13404 | -5/Upper Caves | Identified exit to Upper Caves 14310 | -5/Upper Caves | Learned 4 Factory zone layouts 14321 | -5/Upper Caves | Learned 12 Factory zone layouts 14355 | -5/Upper Caves | Entered another Upper Caves area 14488 | -5/Upper Caves | Discovered new exit (range 14) 14507 | -5/Upper Caves | Identified exit to Factory 14889 | -5/Upper Caves | Entered an active Warlord outpost 14894 | -5/Upper Caves | A Commander dispatched an escort 14912 | -5/Upper Caves | Learned location of Armory (-4) 14912 | -5/Upper Caves | Learned 8 Research zone layouts 14912 | -5/Upper Caves | Learned Research stockpile data 14912 | -5/Upper Caves | Learned Armory stockpile data 14912 | -5/Upper Caves | Learned Extension security intel 14912 | -5/Upper Caves | Learned Research garrison access intel 15107 | -5/Upper Caves | Attracted the attention of an 0b10 checkpoint 15196 | -5/Upper Caves | Discovered new exit (range 13) 15338 | -5/Upper Caves | Identified exit to Zhirov 15340 | -5/Upper Caves | Entered Zhirov 15340 | -5/Zhirov | Accompanied by 1 ally 15340 | -5/Zhirov | Discovered new exit (range 5) 15341 | -5/Zhirov | Commander's escort returned to base 15372 | -5/Zhirov | Met Zhirov 15401 | -5/Zhirov | Learned location of Quarantine (-2) 15401 | -5/Zhirov | Learned location of Testing (-3) 15401 | -5/Zhirov | Learned location of Command (-1) 15416 | -5/Zhirov | Zhirov requested help retrieving the SGEMP Prototype 15440 | -5/Zhirov | Found Alien Artifact 15440 | -5/Zhirov | Identified Integrated Reactor 15440 | -5/Zhirov | Installed Integrated Reactor, increased core energy generation (+10) 15461 | -5/Zhirov | Found Alien Artifact 15642 | -5/Zhirov | Identified exit to Proximity Caves 15644 | -5/Zhirov | Entered Proximity Caves 15748 | -4/Proximity Caves | Spotter reported a threat 15838 | -4/Proximity Caves | Spotter reported a threat 16360 | -4/Proximity Caves | Entered Factory 16360 | -4/Factory | Evolved 2 slots: Weapon x2 16361 | -4/Factory | Identified exit to Research 16362 | -4/Factory | Identified exit to Upper Caves 16440 | -4/Factory | Sucked down chute 16440 | -4/Factory | Entered Waste 16455 | -4/Waste | EMP discharged 16455 | -4/Waste | System corruption reached 10% 16462 | -4/Waste | Spotted C-40 Crusher 16487 | -4/Waste | Spotted C-40 Crusher 16501 | -4/Waste | Spotted C-40 Crusher 16508 | -4/Waste | Spotted C-40 Crusher 16522 | -4/Waste | Spotted C-40 Crusher 16524 | -4/Waste | Spotted C-40 Crusher 16529 | -4/Waste | Crushed by Compactor (1 part destroyed, 2 dropped) 16532 | -4/Waste | Crushed by Compactor (1 part destroyed, 1 dropped) 16535 | -4/Waste | Crushed by Compactor (0 parts destroyed, 1 dropped) 16555 | -4/Waste | EMP discharged 16565 | -4/Waste | Discovered new exit (range 10) 16566 | -4/Waste | Lost 4 parts (1n2u1w) 16583 | -4/Waste | Identified exit to Factory 16585 | -4/Waste | Entered Factory 16592 | -4/Factory | Discovered exit to Research (range 13) 16712 | -4/Factory | Identified exit to Armory 16799 | -4/Factory | Allied Derelicts emerged from ambush trap array 16909 | -4/Factory | Spotted B-86 Titan 16914 | -4/Factory | Build established: Scavenger-Executioner 16939 | -4/Factory | Destroyed B-86 Titan 16953 | -4/Factory | Lost 4 allies 16987 | -4/Factory | Destroyed 9 combat bots 17184 | -4/Factory | Lost 9 parts (1n2u6w) 17335 | -4/Factory | First assault squad dispatched 17488 | -4/Factory | Core integrity fell below 50% 17497 | -4/Factory | Released all parts (15) 17579 | -4/Factory | Core integrity fell below 20% 17588 | -4/Factory | Destroyed by G-67 Veteran with Field Laser Last Messages --------------- 17521_ Acquired Impulse Thruster. 17526_ C-30 ARC bursts open, deploying its payload. 17526_ H-77 Assassin unfolds itself. 17549_ System corrupted: Heat flow error (+151). 17550_ Impulse Thruster destroyed. 17554_ Penetrated by Slug. 17555_ Slug penetrates Wall. 17557_ Penetrated by Slug. 17558_ Slug penetrates Wall. 17568_ System corrupted: Imp. Grenade Launcher failed to launch. 17570_ Impulse Thruster destroyed. 17570_ Destroyed Impulse Thruster. 17571_ System corrupted: Matter fused (-6). 17576_ Machine disabled. 17577_ The unstable cave ceiling collapses. 17582_ Slug penetrates Wall. 17585_ The unstable cave ceiling collapses. 17585_ Slammed into Y-72 Warden. 17586_ The unstable cave ceiling collapses. 17588_ Critical hit (Burn: +50). Map ----- +----------------------------------------------------+ | ???????????????#????????# """ # #???????? | | ??????????????? ????????# """ # +???????? | | ??????????????# #???????# """ [# #???????? | | ####??????????# #???????# # #???????? | | #??????????# #???????# """ # ##+#????? | | #??????????# #??###### """ # #????? | | #??????????# #? ## """ !# #????? | | = #######????# #?!* ## # #????? | | # #????# # ! ########### #????? | | = # ###### # #??# #????? | | + " + #??# #????? | | # ###### # !#??# #????? | | # #????# ########### #????? | | ##########????# #????? | | ??????????????######################### #????? | | ???????????????######?????######??????# #????? | | ???????????????? ""?????"""""???????# #????? | | ???????????????? "????[ "#??????# #????? | | ????????????????? ????[ "#???#### #????? | | ?????????????????? ???" "#???# #????? | | ???????????????????"" #### ""#???# #????? | | ???????????????????## # "#???# #????? | | ???????????????????# # ""#???# #????? | | ???????????????# "# # ""######## #????? | | ???????????????+ ; g""# #?# #????? | | ???????????????+ Y > @/ g " #?# #????? | | ???????????????+ YY# g" ### #????? | | ???????????????# "# # "" ## #????? | | ???????????????????# # " # # ## +????? | | ???????????????????## # "# # #????? | | ???????????????????"" #### "" #????? | | ?????????????????? ??"" "## #????? | | ????????????????? ?#"[[ "### #????? | | ???????????????? "?#"[[ "#?# # #????? | | ???????????????? ""??#"""""""#?### +????? | | ???????????????######??#########???## ######????? | | ????????????????????????????????????###?????????? | | ????????????????????????????????????????????????? | | ????????????????????????????????????????????????? | | ????????????????????????????????????????????????? | | | | | | | | | | | | | | | | | | | | | +----------------------------------------------------+ Best States ------------- Heat Dissipation 116 Energy Generation 35 Energy Capacity 850 Matter Stores 300 Matter Capacity 300 Sight Range 23 Robot Scan Range 19 Terrain Scan Density 10 Base Temperature (-) 200 Armor Coverage 900 Resistance: KI 30 Resistance: TH 20 Weapon Cycling 15 Evasion (%) 62 Targeting Accuracy 8 Target Analysis 6 Recoil Reduction 4 Defensive Hacking 14 Item Schematics ----------------- Huge Storage Unit | -9/Recycling | Hacked Insulated Plating | -9/Recycling | Hacked Assault Drone Bay | -5/Zhirov | Free Exp. Heat Sink | -5/Zhirov | Free Exp. Optical Array | -5/Zhirov | Free Imp. Arc Thrower | -5/Zhirov | Free Robot Schematics ------------------ None Fabricated ------------ Nothing Repaired ---------- Nothing Alien Tech Used ----------------- Integrated Reactor Achievements -------------- None Challenges ------------ None Game ------ Seed TeslaBottomlessChargecaster Manual? 0 Play Time 01:51:38 Cumulative 355.7 hours Start 2025.06.23 @ 14:30:08 End 2025.06.23 @ 20:07:51 Sessions 3 Manual Loads 0 Difficulty Rogue Special Mode None Game No. 244 Rogue 244 Adventurer 0 Explorer 0 Win Type - Total 27 Types 21/0/4/2/0/0/0/0/0/0 Lore% 90 Gallery% 79 Achievement% 67 Wizard Run 0 Options --------- Layout 0 ASCII 1 Keyboard 1 Movement Arrows Keybinds 0 Fullscreen 2 Font 18/Terminus Map View 76x50 Zoom Use 0% Tactical HUD 1 Map Filters NONE Filters NONE Steam 1 RUN: 5027f3e0-e998-4a62-a8a0-105ba4dec6e6